 Dungeon Crawl Stone Soup version 0.25.1-2-g60ff931df9 (webtiles) character file.

Game seed: 4991280982381135088

78 Fractals the Magician (level 4, -6/30 HPs)
             Began as a Demonspawn Venom Mage on Oct 1, 2020.
             Mangled by a worm (9 damage)
             ... on level 3 of the Dungeon.
             The game lasted 00:09:46 (3673 turns).

Fractals the Magician (Demonspawn Venom Mage)       Turns: 3673, Time: 00:09:47

Health: -6/30      AC:  7    Str:  8    XL:     4   Next: 15%
Magic:  5/9        EV: 11    Int: 17    God:
Gold:   101        SH:  0    Dex: 14    Spells: 6/9 levels left

rFire    . . .     SeeInvis .   i - +0 dagger
rCold    . . .     Gourm    .   (no shield)
rNeg     . . .     Faith    .   l - +0 leather armour
rPois    .         Spirit   .   (helmet restricted)
rElec    .         Reflect  .   (no cloak)
rCorr    .         Harm     .   (no gloves)
MR       .....                  (no boots)
Stlth    ++........             (no amulet)
HPRegen  0.10/turn              m - +4 ring of protection (curse)
MPRegen  0.11/turn              (no ring)

@: no status effects
A: antennae 1, rot immunity
a: no special abilities


You were on level 3 of the Dungeon.
You were not hungry.

You visited 1 branch of the dungeon, and saw 3 of its levels.

You collected 101 gold pieces.

Inventory:

Hand Weapons
 i - a +0 dagger (weapon)
Missiles
 g - 72 stones
 h - 39 sling bullets
 s - 4 curare-tipped darts
 v - 18 poisoned darts (quivered)
Armour
 l - a +0 leather armour (worn)
Magical Staves
 u - an uncursed staff of energy {unknown}
Jewellery
 m - a cursed +4 ring of protection (left hand)
Scrolls
 d - a scroll of remove curse
 e - a scroll of immolation {unknown}
 f - a scroll of enchant armour {unknown}
 j - a scroll of blinking {unknown}
 k - a scroll of identify
 n - a scroll of random uselessness {unknown}
 o - a scroll of teleportation {unknown}
Potions
 a - a potion of lignification {unknown}
 p - 2 potions of heal wounds {unknown}
 q - a potion of invisibility {unknown}
 r - a potion of might {unknown}
 t - a potion of haste {unknown}
Comestibles
 c - 4 rations


   Skills:
 - Level 1.7 Dodging
 - Level 3.0 Stealth
 + Level 3.4 Spellcasting
 + Level 1.0 Transmutations
 + Level 0.1 Air Magic
 - Level 3.0 Poison Magic


You had 6 spell levels left.
You knew the following spells:

 Your Spells              Type           Power        Failure   Level  Hunger
a - Sting                 Tmut/Pois      #...         11%         1    None
b - Poisonous Vapours     Pois/Air       #.....       19%         2    ##.....

Your spell library contained the following spells:

 Spells                   Type           Power        Failure   Level  Hunger
 Ignite Poison            Fire/Tmut/Pois #.......     38%         3    ###....
 Mephitic Cloud           Conj/Pois/Air  #.......     43%         3    ###....
 Olgreb's Toxic Radiance  Pois           ##......     56%         4    ####...


Dungeon Overview and Level Annotations

Branches:
Dungeon (3/15)

Altars:
Elyvilon
Okawaru

Annotations:
D:2 Sigmund


Innate Abilities, Weirdness & Mutations

You have a pair of small antennae on your head.
You are immune to rotting.


Message History

You hit the worm but do no damage.
The worm is almost dead.
You hit the worm.
The worm is almost dead.
The worm bites you.
You hit the worm but do no damage.
The worm is almost dead.
You hit the worm but do no damage.
The worm is almost dead.
The worm bites you!
* * * LOW HITPOINT WARNING * * *
Your leather armour prevents you from hitting the worm.
The worm is almost dead.
The worm closely misses you.
You barely miss the worm.
The worm is severely wounded.
You hit the worm.
The worm is almost dead.
The worm bites you!
You die...

#....# #.##.####
#........ #..#.####
######.####
########>.........
#..((.........####
#.##.....####.####
#@##.....####.....
#w##........+.....
#.##.....####.....
#.##..<#..........
###(##...#.#####...#
#........w.#.......#
######.............#
#.............#
#.............#


You could see a worm.

Vanquished Creatures
  2 adders
  An ooze (D:1)
  4 dart slugs
  A giant cockroach (D:1)
  3 goblins (D:2)
  11 hobgoblins
  2 jackals (D:3)
  10 bats
  3 frilled lizards
  2 kobolds
  11 rats
50 creatures vanquished.

Notes
Turn   | Place    | Note
-------+----------+-------------------------------------------
     0 | D:1      | Fractals the Demonspawn Venom Mage began the quest for the
                  | Orb.
     0 | D:1      | Reached XP level 1. HP: 13/13 MP: 3/3
   320 | D:1      | Gained mutation: You are immune to rotting. [demonic
                  | ancestry]
   320 | D:1      | Reached XP level 2. HP: 15/19 MP: 1/5
   825 | D:1      | Learned a level 2 spell: Poisonous Vapours
  1532 | D:1      | Gained mutation: You have a pair of small antennae on your
                  | head. [demonic ancestry]
  1532 | D:1      | Reached XP level 3. HP: 15/24 MP: 5/7
  2115 | D:2      | Noticed Sigmund
  2533 | D:2      | Found a white marble altar of Elyvilon.
  2665 | D:2      | Found an iron altar of Okawaru.
  3264 | D:3      | Reached XP level 4. HP: 29/30 MP: 7/9
  3292 | D:3      | Reached skill level 1 in Transmutations
  3673 | D:3      | Mangled by a worm

Illustrated notes

Levels and vault maps discovered:
D:1:      psy_arrival_spokes, layout_loops_ring, serial_glass, glass_columns_b,
          glass_columns_a, minmay_strange_pillars, item_on_display_a,
          feat_on_display, serial_bayou_pond_d, minmay_misc_feat_rugged
D:2:      layout_basic, okawaru_gym_becter, nicolae_overflow_hidden_temple,
          minivault_11, uniq_sigmund
D:3:      layout_basic, first_ration, uniq_grinder

Skill      XL: |  1  2  3  4 |
---------------+-------------+-----
Stealth        | 2 3 |  3.0
Spellcasting   | 3 |  3.4
Transmutations | 1 |  1.0
Dodging        | |  1.7
Air Magic      | |  0.1
Poison Magic   | |  3.0

Action                   |  1- 3 |  4- 6 || total
-------------------------+-------+-------++-------
Melee: Unarmed           |     6 |       ||     6
       Club              |     5 |       ||     5
       Dagger            |   204 |    38 ||   242
Throw: Dart              |       |    15 ||    15
       Stone             |       |     4 ||     4
 Cast: Sting             |    17 |     3 ||    20
       Poisonous Vapours |     4 |    11 ||    15
  Use: Scroll            |     2 |       ||     2
 Stab: Sleeping          |     3 |       ||     3
  Eat: Chunk             |     7 |       ||     7
       Ration            |     1 |       ||     1
Armor: Leather armour    |    81 |     6 ||    87
       Robe              |     5 |       ||     5
Dodge: Dodged            |   139 |    12 ||   151
